 Dungeon Crawl Stone Soup version 0.13.1-19-g4b9377e (webtiles) character file.

541 Czerbonog the Ruinous (level 6, -1/36 HPs)
             Began as an Octopode Conjurer on Dec 23, 2013.
             Slain by a gnoll shaman
             ... wielding a +0,+0 flail
              (2 damage)
             ... on Level 5 of the Dungeon.
             The game lasted 00:18:45 (4203 turns).

Czerbonog the Ruinous (Octopode Conjurer)           Turns: 4203, Time: 00:18:45

HP  -1/36        AC  1     Str  8      XL: 6   Next: 98%
MP  12/14        EV  2     Int 19      God:
Gold 112         SH  0     Dex 12      Spells:  3 memorised,  6 levels left

Res.Fire  : . . .   See Invis. : .   e - +0 dwarf short sword
Res.Cold  : . . .   Warding    : .   (no shield)
Life Prot.: + + +   Conserve   : .   s - +0 cap
Res.Poison: +       Res.Corr.  : .   d - amulet of resist mutation
Res.Elec. : .       Clarity    : .   (no ring)
Sust.Abil.: . .     Spirit.Shd : .   (no ring)
Res.Mut.  : +       Stasis     : .   (no ring)
Res.Rott. : +       Flight     : .   (no ring)
Saprovore : . . .                    (no ring)
                                     (no ring)
                                     (no ring)
                                     (no ring)

@: petrified, slightly resistant to hostile enchantments, quite stealthy
A: almost no armour, amphibious, 8 rings, constrict 8, camouflage 1, AC +1
a: no special abilities


You were on level 5 of the Dungeon.
You were not hungry.

You visited 1 branch of the dungeon, and saw 5 of its levels.

You collected 92 gold pieces.

Inventory:

Hand weapons
 e - a +0,+0 dwarven short sword (weapon)
Armour
 n - a +0 orcish shield
 s - a +0 cap (worn)
Comestibles
 b - 5 bread rations
 h - 2 apples
 k - a pear
 l - a meat ration
 t - 2 rotting chunks of human flesh
 u - 4 chunks of orc flesh
 v - 2 chunks of orc flesh
Scrolls
 g - a scroll of remove curse {unknown}
 m - a scroll of enchant weapon II {unknown}
 p - 2 scrolls of teleportation
 q - a scroll of identify
Jewellery
 d - an amulet of resist mutation (around mantle)
Potions
 a - a potion of degeneration {unknown}
 f - a potion of heal wounds {unknown}
 j - 5 potions of curing {unknown}
 o - 2 potions of confusion {unknown}
 r - a potion of might {unknown}
Books
 c - a book of Conjurations

   Spells                             Type                      Level
   *Magic Dart                        Conjuration                  1
   Searing Ray                        Conjuration                  2
   *Dazzling Spray                    Conjuration/Hexes            3
   *Iskenderun's Mystic Blast         Conjuration                  4
   Iskenderun's Battlesphere          Conjuration/Charms           4
   Fulminant Prism                    Conjuration/Hexes            5


   Skills:
 - Level 0.2 Short Blades
 - Level 2.6 Dodging
 - Level 3.6 Stealth
 + Level 4.5 Spellcasting
 * Level 5.6 Conjurations
 - Level 0.4 Hexes


You had 6 spell levels left.
You knew the following spells:

 Your Spells              Type           Power        Failure   Level  Hunger
a - Magic Dart            Conj           ####         1%          1    None
b - Dazzling Spray        Conj/Hex       ###.....     12%         3    ###....
c - Iskenderun's Mystic   Conj           ####....     14%         4    ####...


Dungeon Overview and Level Annotations

Branches:
Dungeon (5/27)
 Temple: D:4-7

Altars:
Ashenzari
Cheibriados
Elyvilon
Nemelex Xobeh
Xom
Zin


Innate Abilities, Weirdness & Mutations

You cannot wear most types of armour.
You are amphibious.
You can wear up to eight rings at the same time.
You can use your tentacles to constrict many enemies at once.
Your skin changes colour to match your surroundings (Stlth).
Your rubbery body absorbs attacks (AC +1).


Message History

The gnoll shaman is lightly wounded.
You constrict the gnoll shaman, but do no damage.
The gnoll hits you from afar with a spear.
The gnoll shaman hits you with a flail.
The gnoll hits you from afar with a spear.
Your limbs are stiffening.
You barely miss the gnoll shaman.
The gnoll shaman is lightly wounded.
You constrict the gnoll shaman.
The gnoll hits you from afar with a spear.
The gnoll shaman hits you with a flail!
* * * LOW HITPOINT WARNING * * *
The gnoll hits you from afar with a spear.
* * * LOW HITPOINT WARNING * * *
You have turned to stone.
You constrict the gnoll shaman. The gnoll shaman hits you with a flail.
* * * LOW HITPOINT WARNING * * *
The gnoll hits you but does no damage.
You constrict the gnoll shaman. The gnoll shaman hits you with a flail.
You die...

. #g..g #....g . #g...
... #.g. .... #..#
b.... #..#
##.....####gg#
...(....(@ggg#
.#.....####g.#
##########..#
...g.l(...# #######
....###...#######......
...##a##..#....##.#####
...'?.a#..#.##.#..#####
...##.##....#..........
....#g#####...>........


You could see a gnoll shaman, 4 gnolls and a goblin.

Vanquished Creatures
  Prince Ribbit (D:5)
  A jelly (D:5)
  Crazy Yiuf (D:2)
  Ijyb (D:3)
  4 gnolls
  3 adders
  A worm (D:4)
  2 giant geckos
  An ooze (D:1)
  6 orcs
  9 giant cockroaches
  7 goblins
  8 hobgoblins
  4 jackals
  4 quokkas
  2 ball pythons
  11 bats
  2 giant newts
  8 kobolds
  7 rats
83 creatures vanquished.

Notes
Turn   | Place    | Note
--------------------------------------------------------------
     0 | D:1      | Czerbonog, the Octopode Conjurer, began the quest for the Orb.
     0 | D:1      | Reached XP level 1. HP: 11/11 MP: 3/3
    95 | D:1      | Reached XP level 2. HP: 15/17 MP: 0/4
   919 | D:1      | Reached XP level 3. HP: 21/21 MP: 0/6
  1522 | D:2      | Learned a level 3 spell: Dazzling Spray
  1698 | D:2      | Reached XP level 4. HP: 27/27 MP: 1/8
  1761 | D:2      | Found a sparkling altar of Nemelex Xobeh.
  2167 | D:2      | Found a shimmering altar of Xom.
  2167 | D:2      | Found a white marble altar of Elyvilon.
  2168 | D:2      | Found a snail-covered altar of Cheibriados.
  2229 | D:2      | Found a glowing silver altar of Zin.
  2254 | D:2      | Noticed Crazy Yiuf
  2266 | D:2      | Killed Crazy Yiuf
  2266 | D:2      | Reached XP level 5. HP: 31/31 MP: 2/11
  2802 | D:3      | Noticed Ijyb
  2985 | D:3      | Killed Ijyb
  3132 | D:3      | Learned a level 4 spell: Iskenderun's Mystic Blast
  3354 | D:4      | Found a shattered altar of Ashenzari.
  3549 | D:5      | Entered Level 5 of the Dungeon
  3823 | D:5      | Noticed Prince Ribbit
  3831 | D:5      | Killed Prince Ribbit
  3831 | D:5      | Reached skill level 5 in Conjurations
  3831 | D:5      | Reached XP level 6. HP: 24/36 MP: 0/14
  4029 | D:5      | Noticed a phantom
  4030 | D:5      | Noticed a centaur
  4202 | D:5      | HP: 1/36 [gnoll shaman/flail (3)]
  4203 | D:5      | Slain by a gnoll shaman

Action                   |  1- 3 |  4- 6 || total
-------------------------+-------+-------++-------
Melee: Short sword       |    35 |    36 ||    71
 Cast: Magic Dart        |    63 |    84 ||   147
       Dazzling Spray    |       |     6 ||     6
       Iskenderun's Myst |       |     3 ||     3
  Use: Scroll            |     3 |     2 ||     5
 Stab: Sleeping          |       |     1 ||     1
